 Dungeon Crawl Stone Soup version 0.31-a0-949-g57150269e1 (webtiles) character file.

Game seed: 4242440280919691634

498 Fodor the Trooper (level 6, -8/56 HPs)
             Began as a Minotaur Fighter on Oct 21, 2023.
             Mangled by an ogre
             ... wielding a +0 giant club
              (16 damage)
             ... on level 4 of the Dungeon.
             The game lasted 00:14:23 (2606 turns).

Fodor the Trooper (Minotaur Fighter)                Turns: 2606, Time: 00:14:24

Health: -8/56      AC: 11    Str: 23    XL:     6   Next: 94%
Magic:  5/5        EV:  9    Int:  5    God:
Gold:   99         SH:  5    Dex: 15    Spells: 5/5 levels left

rFire   . . .        o - +3 flail
rCold   . . .        c - +0 buckler
rNeg    . . .        p - +0 chain mail
rPois   .            (helmet restricted)
rElec   .            (no cloak)
rCorr   .            (no gloves)
SInv    .            b - +0 pair of boots
Will    .....        (no amulet) Stlth
                     f - +6 ring of dexterity
HPRegen 0.29/turn    (no ring)
MPRegen 0.09/turn

%: no passive effects
@: no status effects
A: horns 2, retaliatory headbutt
a: no special abilities


You were on level 4 of the Dungeon.
You visited 1 branch of the dungeon, and saw 4 of its levels.

You collected 99 gold pieces.

Inventory:

Hand Weapons
 o - a +3 flail (weapon)
Armour
 b - a +0 pair of boots (worn)
 c - a +0 buckler (worn)
 p - a +0 chain mail (worn)
Jewellery
 f - a +6 ring of dexterity (left hand)
Scrolls
 i - 3 scrolls of identify {unknown}
 j - a scroll of poison {unknown}
 k - 2 scrolls of blinking {unknown}
 l - a scroll of fear {unknown}
 n - a scroll of teleportation {unknown}
 r - a scroll of noise {unknown}
Potions
 a - a potion of curing {unknown}
 d - a potion of might
 e - 2 potions of resistance {unknown}
 g - 2 potions of lignification {unknown}
 h - a potion of brilliance {unknown}
 m - a potion of haste {unknown}
 q - a potion of cancellation {unknown}


   Skills:
 + Level 5.6 Fighting
 + Level 3.9 Long Blades
 + Level 3.3 Maces & Flails
 + Level 5.4 Armour
 + Level 2.0 Dodging
 + Level 0.6 Stealth
 + Level 4.7 Shields


You had 5 spell levels left.
You didn't know any spells.
Your spell library contained the following spells:

 Spells                   Type           Power      Damage    Failure   Level
 Sublimation of Blood     Necr           0%         N/A       99%         2
 Petrify                  Tmut/Erth      0%         N/A       100%        4
 Irradiate                Conj/Tmut      0%         3d11      100%        5


Dungeon Overview and Level Annotations

Branches:
Dungeon (4/15)
 Temple: D:4-7

Altars:
Cheibriados


Innate Abilities, Weirdness & Mutations

You have a pair of horns on your head.
You reflexively headbutt those who attack you in melee.


Message History

An ogre comes into view. It is wielding a +0 giant club.
The adder hisses angrily.
The ogre shouts!
A hobgoblin comes into view.
The hobgoblin shouts!
An adder comes into view.
The adder hisses angrily.
Found a stone staircase leading down.
The adder closely misses you.
You barely miss the adder. The adder barely misses you.
The adder bites you but does no damage.
You hit the adder.
The adder is moderately wounded.
The adder bites you.
You are poisoned.
The adder poisons you!
The ogre hits you with a +0 giant club!!
You hit the adder.
The adder is severely wounded.
You feel sick. You block the adder's attack. The adder barely misses you.
The ogre closely misses you. You furiously retaliate!
You headbutt the ogre, but do no damage.
You thump the adder!
You kill the adder!
You feel sick.
You hit the hobgoblin. You headbutt the hobgoblin.
You kill the hobgoblin!
You feel sick.
The ogre hits you with a +0 giant club!!
* * * LOW HITPOINT WARNING * * *
The adder bites you but does no damage.
You sock the adder! You headbutt the adder.
You kill the adder!
You feel sick.
You are no longer poisoned.
You block the ogre's attack.
You hit the ogre but do no damage. The ogre hits you but does no damage.
You thump the ogre! You headbutt the ogre.
The ogre is heavily wounded.
The ogre hits you with a +0 giant club!
You die...

##....... ## #.#.#
... ........#
..#.#># #..
..[...#.# .#.#.#
#g########...
..#.###............
#
#.....#..#######...
####.#.#.#.#..#
#...
#.......O#.#..#####
#...
.......@†.........#
#...
###'#######'####..#
#... ..... ##.#
#... #.O...##
#.###... #.....##
#.#....[ #.....##
#.#..... ...S.#
+.#....) ##'##
#....... #.......


You could see an ogre.

Vanquished Creatures
  Pargi (D:3)
  An ogre (D:4)
  A phantom (D:4)
  A howler monkey (D:4)
  An orc priest (D:4)
  Robin (D:3)
  10 adders
  A worm (D:4)
  3 dart slugs
  3 orcs (D:4)
  6 bats
  An endoplasm (D:3)
  5 giant cockroaches
  16 goblins
  7 hobgoblins
  A jackal (D:1)
  5 quokkas
  2 ball pythons
  3 frilled lizards
  8 kobolds
  4 rats
81 creatures vanquished.

Notes
Turn   | Place    | Note
-------+----------+-------------------------------------------
     0 | D:1      | Fodor the Minotaur Fighter began the quest for the Orb.
     0 | D:1      | Reached XP level 1. HP: 19/19 MP: 0/0
    64 | D:1      | Reached XP level 2. HP: 24/27 MP: 1/1
   698 | D:1      | Reached XP level 3. HP: 33/33 MP: 2/2
  1158 | D:2      | Reached XP level 4. HP: 38/40 MP: 3/3
  1579 | D:3      | Noticed Robin
  1580 | D:3      | Noticed Pargi
  1604 | D:3      | Killed Pargi
  1605 | D:3      | Reached skill level 1 in Maces & Flails
  1605 | D:3      | Reached skill level 1 in Dodging
  1605 | D:3      | Reached XP level 5. HP: 11/47 MP: 4/4
  1608 | D:3      | Killed Robin
  1767 | D:3      | Found a snail-covered altar of Cheibriados.
  1788 | D:3      | Reached skill level 5 in Armour
  2213 | D:4      | Noticed an ogre
  2221 | D:4      | Killed an ogre
  2222 | D:4      | Reached XP level 6. HP: 39/55 MP: 5/5
  2411 | D:4      | Reached skill level 5 in Fighting
  2606 | D:4      | Mangled by an ogre

Illustrated notes

Levels and vault maps discovered:
D:1:      kilobyte_arrival_exit_the_forest, layout_loops_ring,
          minmay_split_cup_large
D:2:      layout_rooms
D:3:      layout_loops_ring, kennysheep_slug_shrine, uniq_robin, uniq_pargi
D:4:      layout_basic, grunt_dithmenos_smoke, minmay_temple_entry_purple_smoke,
          enter_ossuary_4, minmay_quadrilaterals

Skill      XL: |  1  2  3  4  5  6 |
---------------+-------------------+-----
Armour         | 4 5 |  5.4
Fighting       | 4 5 |  5.6
Shields        | 4 |  4.7
Long Blades    | 3 |  3.9
Maces & Flails | 1 2 3 |  3.3
Dodging        | 1 2 |  2.0
Stealth        | |  0.6

Action                     |  1- 3 |  4- 6 || total
---------------------------+-------+-------++-------
  Melee: Long sword        |    76 |     6 ||    82
         Headbutt          |     9 |    16 ||    25
         Flail             |       |   101 ||   101
 Armour: Scale mail        |    59 |     5 ||    64
         Chain mail        |       |    95 ||    95
  Dodge: Dodged            |    43 |    47 ||    90
  Block: Buckler           |    33 |    29 ||    62

Table legend: (Time is in decaauts)
 A = Elapsed time spent in this place.
 B = Non-inter-level travel time spent in this place.
 C = Inter-level travel time spent in this place.
 D = Time resting spent in this place.
 E = Time spent auto-exploring this place.
 F = Levels seen in this place.
 G = Mean time per level.
                   A        B        C        D        E       F      G
               +--------+--------+--------+--------+--------+-----+--------+
         Total |   2669 |   2530 |    139 |    113 |      0 |   4 |  667.2 |
       Dungeon |   2669 |   2530 |    139 |    113 |      0 |   4 |  667.2 |
               +--------+--------+--------+--------+--------+-----+--------+

Top non-repeatable levels by time:
     D:1: 970 daAuts
     D:3: 852 daAuts
     D:2: 425 daAuts
     D:4: 421 daAuts
